[ AOE2 MATCH · #506628038 ]
UnrankedTatars vs Goths
Player's team · LOSS
Rival team · WIN
[ REPLAY ANALYSIS · EXTRACTED FROM THE RECORDED GAME ]
Feudal
8:29
Castle
19:39
Imperial
36:26
| APM avg | 65.1 |
| APM peak | 103 |
| eAPM avg | 27.5 |
| Villagers / military | 207 / 174 |
Focus
⚔️ 33.5% · 🌾 66.5%
Hand Cannoneer ×69 · Scout Cavalry ×48 · Cavalry Archer ×28 · Archer ×15 · Steppe Lancer ×8 · Trebuchet (Packed) ×4
Feudal
11:14
Castle
21:21
Imperial
35:38
| APM avg | 48.2 |
| APM peak | 77 |
| eAPM avg | 26.8 |
| Villagers / military | 172 / 400 |
Focus
⚔️ 47.0% · 🌾 53.0%
Huskarl ×138 · Spearman ×134 · Hand Cannoneer ×48 · Battering Ram ×25 · Archer ×17 · Skirmisher ×15
Match map
Initial resources + every placement click. Lines = walls · curves = elevation contours. ◆ gold · ⬟ stone · ● berries · ✦ relic · ◌ wall gap
Your base· Open — 4t gap
chuoi's base· Open — 1t gap
Smoothed initial terrain · ◌ = detected wall gap · hover for details
Inputs per minute
— Mattroid 99 - - chuoi
Build order — Mattroid 99
First 150 of 462 actions detected
| 0:00 | Queue | Villager (Male) ×4 |
| 0:02 | Build | House |
| 0:03 | Build | House |
| 1:23 | Queue | Villager (Male) |
| 1:23 | Queue | Villager (Male) |
| 1:51 | Build | Lumber Camp |
| 2:00 | Queue | Villager (Male) |
| 2:00 | Queue | Villager (Male) |
| 2:11 | Queue | Villager (Male) |
| 2:56 | Queue | Villager (Male) ×2 |
| 2:56 | Queue | Villager (Male) ×2 |
| 3:49 | Queue | Villager (Male) ×3 |
| 3:49 | Queue | Villager (Male) ×3 |
| 3:50 | Queue | Villager (Male) ×3 |
| 3:52 | Build | House |
| 3:53 | Build | House |
| 4:01 | Queue | Villager (Male) |
| 4:34 | Queue | Villager (Male) |
| 4:35 | Queue | Villager (Male) |
| 4:35 | Queue | Villager (Male) |
| 4:57 | Build | Mining Camp |
| 5:53 | Queue | Villager (Male) |
| 6:17 | Research | Feudal Age |
| 6:34 | Research | Loom |
| 6:49 | Build | Palisade Wall |
| 6:50 | Build | Palisade Wall |
| 6:51 | Build | Palisade Wall |
| 6:52 | Build | Palisade Wall |
| 6:55 | Build | Palisade Wall |
| 7:18 | Build | Palisade Wall |
| 7:30 | Build | Barracks |
| 8:29 | Age | Feudal Age |
| 8:35 | Build | Archery Range |
| 8:53 | Queue | Villager (Male) |
| 9:10 | Research | Double-Bit Axe |
| 9:19 | Queue | Archer |
| 9:21 | Queue | Villager (Male) |
| 9:26 | Build | House |
| 9:42 | Queue | Villager (Male) |
| 9:43 | Queue | Archer |
| 10:08 | Queue | Villager (Male) |
| 10:27 | Queue | Villager (Male) |
| 10:34 | Queue | Villager (Male) |
| 10:38 | Queue | Villager (Male) |
| 10:41 | Build | Blacksmith |
| 10:47 | Queue | Archer |
| 10:48 | Queue | Archer |
| 11:16 | Queue | Archer |
| 11:21 | Research | Fletching |
| 11:35 | Queue | Archer |
| 11:38 | Build | Mill |
| 11:39 | Queue | Villager (Male) |
| 11:43 | Research | Town Watch |
| 11:50 | Queue | Villager (Male) |
| 11:55 | Build | House |
| 12:29 | Queue | Villager (Male) |
| 12:59 | Build | Palisade Wall |
| 12:59 | Build | Palisade Wall |
| 13:00 | Build | Palisade Wall |
| 13:00 | Build | Palisade Wall |
| 13:10 | Queue | Villager (Male) |
| 13:17 | Build | Farm |
| 13:17 | Build | Farm |
| 13:17 | Build | Farm |
| 13:17 | Build | Farm |
| 13:18 | Build | Farm |
| 13:18 | Build | Farm |
| 13:28 | Build | House |
| 13:47 | Queue | Villager (Male) |
| 13:54 | Queue | Archer |
| 13:55 | Queue | Archer |
| 14:34 | Queue | Villager (Male) |
| 14:35 | Queue | Villager (Male) |
| 15:07 | Queue | Villager (Male) |
| 15:11 | Build | Watch Tower |
| 15:13 | Queue | Villager (Male) |
| 15:16 | Queue | Villager (Male) |
| 15:17 | Build | Farm |
| 15:18 | Build | Farm |
| 15:24 | Build | House |
| 15:33 | Queue | Archer |
| 15:48 | Build | House |
| 15:50 | Build | House |
| 15:50 | Build | House |
| 16:19 | Queue | Archer |
| 16:24 | Build | Farm |
| 16:59 | Research | Castle Age |
| 17:10 | Research | Horse Collar |
| 17:29 | Research | Gold Mining |
| 17:53 | Build | House |
| 17:55 | Queue | Archer |
| 17:57 | Queue | Archer |
| 18:07 | Build | Market |
| 18:13 | Build | Market |
| 18:20 | Build | Farm |
| 18:24 | Build | Farm |
| 19:11 | Queue | Archer |
| 19:39 | Age | Castle Age |
| 19:41 | Research | Bodkin Arrow |
| 19:42 | Research | Crossbowman (upgrade) |
| 19:50 | Queue | Villager (Male) |
| 19:54 | Build | University |
| 20:01 | Queue | Villager (Male) |
| 20:23 | Research | Bow Saw |
| 20:28 | Research | Ballistics |
| 20:40 | Queue | Villager (Male) |
| 20:49 | Queue | Archer |
| 20:51 | Research | Bow Saw |
| 21:01 | Queue | Archer |
| 21:37 | Queue | Villager (Male) |
| 21:43 | Build | Siege Workshop |
| 21:53 | Queue | Villager (Male) |
| 22:02 | Queue | Villager (Male) |
| 22:18 | Queue | Mangonel |
| 23:01 | Queue | Villager (Male) |
| 23:16 | Build | Town Center |
| 23:23 | Queue | Villager (Male) |
| 23:36 | Queue | Villager (Male) |
| 23:49 | Queue | Villager (Male) |
| 23:50 | Queue | Villager (Male) |
| 23:57 | Build | Farm |
| 23:57 | Build | Farm |
| 24:00 | Build | Farm |
| 24:01 | Build | Lumber Camp |
| 24:30 | Queue | Villager (Male) |
| 24:31 | Queue | Villager (Male) |
| 24:34 | Build | Farm |
| 24:35 | Build | Farm |
| 24:37 | Build | Farm |
| 24:38 | Build | Farm |
| 24:41 | Queue | Villager (Male) |
| 24:44 | Queue | Villager (Male) |
| 24:53 | Build | Town Center |
| 25:08 | Queue | Villager (Male) |
| 25:11 | Build | Farm |
| 25:11 | Build | Farm |
| 25:13 | Build | Farm |
| 25:17 | Build | Farm |
| 25:21 | Build | Farm |
| 25:23 | Queue | Villager (Male) |
| 25:29 | Queue | Villager (Male) |
| 25:47 | Queue | Villager (Male) |
| 25:53 | Build | House |
| 26:08 | Queue | Villager (Male) |
| 26:21 | Queue | Villager (Male) |
| 26:22 | Queue | Villager (Male) |
| 26:22 | Queue | Villager (Male) |
| 26:24 | Queue | Villager (Male) |
| 26:34 | Queue | Villager (Male) |
| 26:55 | Queue | Villager (Male) |
Build order — chuoi
First 150 of 792 actions detected
| 0:01 | Queue | Villager (Male) |
| 0:01 | Queue | Villager (Male) |
| 0:02 | Build | House |
| 0:03 | Build | House |
| 0:07 | Queue | Villager (Male) |
| 0:09 | Queue | Villager (Male) |
| 1:25 | Queue | Villager (Male) |
| 1:25 | Queue | Villager (Male) |
| 1:54 | Build | Lumber Camp |
| 2:01 | Queue | Villager (Male) |
| 2:04 | Queue | Villager (Male) |
| 2:04 | Queue | Villager (Male) |
| 2:50 | Queue | Villager (Male) |
| 2:51 | Queue | Villager (Male) |
| 3:13 | Queue | Villager (Male) |
| 3:56 | Build | House |
| 4:05 | Queue | Villager (Male) |
| 4:05 | Queue | Villager (Male) |
| 4:06 | Queue | Villager (Male) |
| 4:28 | Build | Barracks |
| 4:35 | Queue | Villager (Male) |
| 4:46 | Build | House |
| 4:58 | Queue | Villager (Male) |
| 5:25 | Queue | Militia |
| 5:25 | Queue | Militia |
| 5:25 | Queue | Militia |
| 5:26 | Queue | Militia |
| 5:39 | Queue | Villager (Male) |
| 5:57 | Build | Mining Camp |
| 6:02 | Build | Palisade Wall |
| 6:03 | Build | Palisade Wall |
| 6:12 | Queue | Villager (Male) |
| 6:17 | Build | Palisade Wall |
| 6:31 | Build | House |
| 6:36 | Queue | Villager (Male) |
| 7:01 | Queue | Villager (Male) |
| 7:31 | Queue | Villager (Male) |
| 7:45 | Research | Loom |
| 7:45 | Research | Loom |
| 7:51 | Build | Mill |
| 8:00 | Queue | Villager (Male) |
| 8:07 | Build | Palisade Wall |
| 8:08 | Build | Palisade Wall |
| 8:34 | Queue | Villager (Male) |
| 8:55 | Build | Palisade Wall |
| 9:04 | Research | Feudal Age |
| 9:04 | Research | Feudal Age |
| 9:18 | Build | House |
| 9:20 | Queue | Militia |
| 9:20 | Queue | Militia |
| 9:29 | Build | Farm |
| 9:30 | Build | Farm |
| 9:42 | Queue | Militia |
| 9:42 | Queue | Militia |
| 9:54 | Build | House |
| 10:08 | Build | House |
| 10:17 | Queue | Militia |
| 10:38 | Queue | Villager (Male) |
| 10:51 | Build | House |
| 11:14 | Age | Feudal Age |
| 11:20 | Build | Blacksmith |
| 11:26 | Build | Archery Range |
| 11:35 | Queue | Villager (Male) |
| 11:37 | Research | Double-Bit Axe |
| 11:37 | Research | Double-Bit Axe |
| 11:39 | Research | Man-at-Arms (upgrade) |
| 11:40 | Research | Man-at-Arms (upgrade) |
| 11:47 | Build | Watch Tower |
| 11:55 | Queue | Villager (Male) |
| 12:11 | Research | Scale Mail Armor |
| 12:11 | Research | Scale Mail Armor |
| 12:12 | Queue | Archer |
| 12:15 | Build | House |
| 12:24 | Queue | Archer |
| 12:25 | Queue | Archer |
| 12:25 | Queue | Archer |
| 12:42 | Queue | Villager (Male) |
| 12:46 | Build | Farm |
| 12:55 | Queue | Villager (Male) |
| 13:17 | Build | Farm |
| 13:18 | Build | Farm |
| 13:22 | Research | Fletching |
| 13:33 | Build | Farm |
| 13:36 | Queue | Villager (Male) |
| 13:49 | Build | Farm |
| 14:05 | Queue | Villager (Male) |
| 14:08 | Queue | Archer |
| 14:08 | Queue | Archer |
| 14:18 | Queue | Villager (Male) |
| 14:21 | Build | Archery Range |
| 14:47 | Queue | Villager (Male) |
| 14:50 | Research | Padded Archer Armor |
| 14:50 | Research | Padded Archer Armor |
| 14:50 | Research | Padded Archer Armor |
| 15:00 | Queue | Archer |
| 15:18 | Research | Horse Collar |
| 15:18 | Research | Horse Collar |
| 15:19 | Queue | Villager (Male) |
| 15:27 | Queue | Archer |
| 15:27 | Queue | Archer |
| 15:28 | Queue | Archer |
| 15:29 | Queue | Villager (Male) |
| 15:38 | Build | Farm |
| 15:41 | Build | Farm |
| 15:52 | Queue | Villager (Male) |
| 15:54 | Queue | Archer |
| 16:01 | Build | Farm |
| 16:15 | Queue | Archer |
| 16:20 | Build | Lumber Camp |
| 16:26 | Queue | Villager (Male) |
| 16:34 | Queue | Archer |
| 16:41 | Build | Farm |
| 16:52 | Queue | Villager (Male) |
| 16:57 | Queue | Archer |
| 16:59 | Build | House |
| 17:01 | Build | House |
| 17:15 | Queue | Archer |
| 17:24 | Queue | Villager (Male) |
| 17:39 | Build | Market |
| 17:43 | Queue | Archer |
| 17:43 | Queue | Archer |
| 17:56 | Queue | Villager (Male) |
| 18:03 | Build | Farm |
| 18:20 | Build | Lumber Camp |
| 18:41 | Research | Castle Age |
| 18:41 | Research | Castle Age |
| 18:50 | Queue | Skirmisher |
| 18:50 | Queue | Skirmisher |
| 18:50 | Queue | Skirmisher |
| 19:20 | Queue | Skirmisher |
| 19:20 | Queue | Skirmisher |
| 19:27 | Queue | Villager (Male) |
| 19:29 | Build | House |
| 19:30 | Build | House |
| 19:43 | Queue | Villager (Male) |
| 19:50 | Queue | Skirmisher |
| 19:50 | Queue | Skirmisher |
| 19:50 | Queue | Skirmisher |
| 20:05 | Research | Gold Mining |
| 20:05 | Research | Gold Mining |
| 20:26 | Queue | Villager (Male) |
| 20:43 | Research | Wheelbarrow |
| 20:43 | Research | Wheelbarrow |
| 20:44 | Queue | Skirmisher |
| 20:45 | Queue | Skirmisher |
| 20:57 | Build | Lumber Camp |
| 21:12 | Queue | Villager (Male) |
| 21:21 | Age | Castle Age |
| 21:29 | Research | Elite Skirmisher (upgrade) |
| 21:30 | Research | Elite Skirmisher (upgrade) |
Match timeline
| 4:28 | chuoi · first_building Barracks |
| 6:02 | chuoi · wall_segment Palisade Wall x1 |
| 6:03 | chuoi · wall_segment Palisade Wall x1 |
| 6:17 | chuoi · wall_segment Palisade Wall x1 |
| 6:49 | Mattroid 99 · wall_segment Palisade Wall x1 |
| 6:50 | Mattroid 99 · wall_segment Palisade Wall x1 |
| 6:51 | Mattroid 99 · wall_segment Palisade Wall x1 |
| 6:52 | Mattroid 99 · wall_segment Palisade Wall x1 |
| 6:55 | Mattroid 99 · wall_segment Palisade Wall x1 |
| 7:18 | Mattroid 99 · wall_segment Palisade Wall x1 |
| 7:30 | Mattroid 99 · first_building Barracks |
| 8:07 | chuoi · wall_segment Palisade Wall x1 |
| 8:08 | chuoi · wall_segment Palisade Wall x1 |
| 8:29 | Mattroid 99 · age_up feudal |
| 8:35 | Mattroid 99 · first_building Archery Range |
| 8:55 | chuoi · wall_segment Palisade Wall x1 |
| 11:14 | chuoi · age_up feudal |
| 11:26 | chuoi · first_building Archery Range |
| 12:59 | Mattroid 99 · wall_segment Palisade Wall x1 |
| 12:59 | Mattroid 99 · wall_segment Palisade Wall x1 |
| 13:00 | Mattroid 99 · wall_segment Palisade Wall x1 |
| 13:00 | Mattroid 99 · wall_segment Palisade Wall x1 |
| 18:33 | chuoi · first_market_buy 100 food |
| 19:39 | Mattroid 99 · age_up castle |
| 21:21 | chuoi · age_up castle |
| 21:41 | Mattroid 99 · first_market_buy 100 wood |
| 21:43 | Mattroid 99 · first_building Siege Workshop |
| 23:11 | Mattroid 99 · first_market_sell 100 food |
| 27:38 | chuoi · first_building Siege Workshop |
| 27:55 | chuoi · first_building Monastery |
| 28:54 | Mattroid 99 · first_building Stable |
| 29:22 | chuoi · first_building Castle |
| 31:13 | Mattroid 99 · first_building Castle |
| 32:16 | chuoi · first_market_sell 100 stone |
| 35:38 | chuoi · age_up imperial |
| 36:26 | Mattroid 99 · age_up imperial |
| 44:37 | chuoi · wall_segment Palisade Wall x8 |
| 45:46 | chuoi · wall_segment Palisade Wall x1 |
| 45:48 | chuoi · wall_segment Palisade Wall x1 |
| 54:16 | Mattroid 99 · resign |
[ AI ANALYSIS · 1 CREDIT ]
What really happened in this match?
Wolo.gg analyzes every decision: build order, eco, micro, common mistakes by bracket. Personalized analysis on WhatsApp or Discord in 30 seconds.
Civ guide
Tatars
Perfil
Jugador #11475973